 Dungeon Crawl Stone Soup version 0.31-a0-16-g6d2539766c (webtiles) character file.

Game seed: 11221792471168429925

72755 halvedace the Severer (level 15, -9/114 HPs) *EXPLORE*
             Began as a Minotaur Fighter on May 8, 2023.
             Was the Champion of Okawaru.
             Mangled by an acid blob (35 damage)
             ... on level 3 of the Pits of Slime.
             The game lasted 00:54:30 (18169 turns).

halvedace the Severer (Minotaur Fighter)           Turns: 18169, Time: 00:54:32

Health: -9/114     AC: -139  Str:  1 (29) XL:     15   Next: 2%
Magic:  12/12      EV:  2    Int: -35 (5) God:    Okawaru [******]
Gold:   1456       SH:  0    Dex: -24 (11)Spells: 14/14 levels left

rFire   + . .        p - +1 broad axe (freeze)
rCold   + . .        E - +2 tower shield of Absence {rElec Str+2}
rNeg    . . .        c - +2 plate armour
rPois   +            (helmet unavailable)
rElec   +            L - +0 cloak
rCorr   +            (no gloves)
SInv    .            v - +2 pair of boots {Fly}
Will    ++...        u - amulet of faith Stlth
                     I - +4 ring of protection
HPRegen 0.00/turn    (no ring)
MPRegen 0.13/turn

%: random rage (9%), faith
@: mighty, resistant, corroded, on berserk cooldown, flying, inhibited regen,
hasted and slowed, lost intelligence, lost dexterity, unable to read
A: horns 3, retaliatory headbutt, berserk 2, deterioration 2, frail 2, low MP 1,
strong-willed 1, screaming 1, inhibited regeneration, teleportitis 1, no potion
heal 2
a: Renounce Religion, Heroism, Finesse, Duel


You were on level 3 of the Pits of Slime.
You worshipped Okawaru.
Okawaru was exalted by your worship.
You visited 4 branches of the dungeon, and saw 18 of its levels.

You collected 1456 gold pieces.

Inventory:

Hand Weapons
 p - a +1 broad axe of freezing (weapon)
 M - the +5 scythe "Finisher" {speed, execute}
   (You found it on level 4 of the Lair of Beasts)
Missiles
 C - 2 throwing nets
Armour
 c - a +2 plate armour (worn)
 v - a +2 pair of boots of flying (worn)
 E - the +2 tower shield of Absence (worn) {rElec Str+2}
   (Okawaru gifted it to you on level 1 of the Lair of Beasts)

   Str:       It affects your strength (+2).
   rElec:     It insulates you from electricity.
 L - a +0 cloak (worn)
Jewellery
 u - an amulet of faith (around neck)
 I - a +4 ring of protection (left hand)
Wands
 b - a wand of mindburst (14)
 k - a wand of polymorph (5)
 B - a wand of paralysis (9)
 G - a wand of iceblast (7) (quivered)
Scrolls
 a - a scroll of enchant armour
 n - a scroll of blinking
 q - 2 scrolls of magic mapping
 r - 5 scrolls of brand weapon
 t - 3 scrolls of amnesia
 x - 2 scrolls of fear
 y - a scroll of poison
 A - 5 scrolls of teleportation
 H - 3 scrolls of identify
 N - a scroll of fog
Potions
 d - a potion of might
 f - a potion of berserk rage
 g - 7 potions of curing
 h - 4 potions of heal wounds
 i - 2 potions of brilliance
 l - 3 potions of attraction
 m - 3 potions of magic
 s - 2 potions of mutation
 z - 2 potions of haste
 J - 3 potions of flight
Miscellaneous
 D - a phial of floods


   Skills:
 + Level 15.7 Fighting
 - Level 17.8(18.0) Axes
 - Level 3.1(12.1) Polearms
 + Level 15.7 Armour
 + Level 15.7 Shields


You had 14 spell levels left.
You didn't know any spells.
Your spell library contained the following spells:

 Spells                   Type           Power      Damage    Failure   Level
 Foxfire                  Conj/Fire      0%         2x1d4     100%        1
 Lesser Beckoning         Tloc           0%         N/A       100%        2
 Static Discharge         Conj/Air       0%         2-2/arc   100%        2
 Gell's Gravitas          Tloc           0%         N/A       100%        3
 Stone Arrow              Conj/Erth      0%         3d7       100%        3
 Teleport Other           Tloc           0%         N/A       100%        3
 Airstrike                Air            0%         2d(0-16)  100%        4
 Petrify                  Tmut/Erth      0%         N/A       100%        4
 Fireball                 Conj/Fire      0%         3d3       100%        5
 Metabolic Englaciation   Hex/Ice        0%         N/A       100%        5
 Plasma Beam              Fire/Air       0%         2x1d11    100%        6
 Starburst                Conj/Fire      0%         6d3       100%        6
 Statue Form              Tmut/Erth      0%         N/A       100%        6
 Lehudib's Crystal Spear  Conj/Erth      0%         10d2      100%        8
 Animate Armour           Summ/Erth      Unusable   N/A       N/A         4
 Summon Lightning Spire   Summ/Air       Unusable   N/A       N/A         4

Dungeon Overview and Level Annotations

Branches:
Dungeon (9/15)             Temple (1/1) D:4            Lair (5/5) D:8
  Swamp (0/4) Lair:2       Spider (0/4) Lair:3        Slime (3/5) Lair:5
    Orc: D:9-12

Altars:
Ashenzari
Cheibriados
Dithmenos
Elyvilon
Fedhas
Gozag
Hepliaklqana
Kikubaaqudgha
Makhleb
Nemelex Xobeh
Okawaru
Qazlal
Ru
Trog
Uskayaw
Vehumet
Wu Jian
Xom
Yredelemnul
Zin
The Shining One
Jiyva

Shops:
D:1 (   D:5 =*


Innate Abilities, Weirdness & Mutations

You have a pair of large horns on your head.
You reflexively headbutt those who attack you in melee.
You have an uncontrollable temper.
Your body often deteriorates upon taking damage.
You are very frail. (-20% HP)
Your magical capacity is low. (-10% MP)
You are strong-willed. (Will+)
You occasionally shout uncontrollably at your foes.
You do not regenerate when monsters are visible.
You are occasionally teleported next to monsters.
Potions cannot restore your health.


Message History

The golden eye blinks at you. You resist with almost no effort.
The acid blob hits you!!
* * * LOW HITPOINT WARNING * * *
Your body deteriorates!
You feel dopey.
You are splashed with acid.
You resist.
* * * LOW HITPOINT WARNING * * *
The titanic slime creature hits you!!!!
Ouch! That really hurt!
Die?
Thought so.
The titanic slime creature completely misses you.
The acid blob spits acid at you. The splash of acid hits you! You resist.
You closely miss the acid blob.
You hit the titanic slime creature but do no damage. x2
You hit the acid blob but do no damage.
Your hands burn!
You feel less confused. The acid blob hits you!!!
Your body deteriorates!
You feel dopey.
You are splashed with acid.
You resist. The acid blob hits you!!
* * * LOW HITPOINT WARNING * * *
You are splashed with acid.
You resist.
* * * LOW HITPOINT WARNING * * *
The titanic slime creature hits you!!!
Die?
Thought so.
The titanic slime creature hits you!!!!
Ouch! That really hurt!
* * * LOW HITPOINT WARNING * * *
The golden eye blinks!
Unknown command.
You hit the acid blob but do no damage.
Your hands burn!
* * * LOW HITPOINT WARNING * * *
You headbutt the acid blob, but do no damage.
You hit the titanic slime creature but do no damage.
You barely miss the titanic slime creature.
You hit the acid blob but do no damage.
Your hands burn!
* * * LOW HITPOINT WARNING * * *
The acid blob hits you!!
Die?
You die...

## ########## ###
##.###.#.#....### ...##
#.............J@#......
#...........GJJJ......
#...#.................
#.....................
#.....................
#.....................
####....................
........................
........................


You could see 2 acid blobs, 2 titanic slime creatures and a golden eye.

Vanquished Creatures
  2 acid blobs
  Gastronok (D:8)
  3 azure jellies
  5 rockslimes
  6 quicksilver oozes
  A fire dragon (Lair:5)
  A great orb of eyes (Slime:2)
  4 hydras
  A boulder beetle (Lair:4)
  6 death yaks
  Nergalle (Lair:3)
  A skyshark (Lair:2)
  A skeletal warrior (D:8)
  A glowing orange brain (Slime:1)
  Pikel (D:5)
  A lindwurm (Lair:5)
  A deep elf pyromancer (D:8)
  2 shining eyes (Slime:3)
  A manticore (D:8)
  14 elephants
  2 black mambas
  Joseph (D:8)
  5 torpor snails (Lair:5)
  12 cane toads
  A kobold demonologist (D:9)
  12 komodo dragons
  2 rime drakes
  8 hornets
  2 polar bears
  6 tyrant leeches
  28 blink frogs
  A shadow (D:8)
  33 slime creatures
  6 wyverns
  A wraith (D:9)
  32 yaks
  15 golden eyes
  2 steam dragons (D:7)
  4 basilisks
  Menkaure (D:7)
  A swamp worm (Lair:2)
  An acid dragon (D:9)
  9 water moccasins
  4 black bears
  6 orc warriors
  4 ice beasts
  A swamp drake (D:8)
  2 sky beasts
  A centaur (D:9)
  An ogre (D:6)
  10 wolves
  A lemure (D:5)
  3 phantoms
  7 kobold brigands
  A scorpion (D:7)
  A gnoll sergeant (D:8)
  15 bullfrogs
  3 wights (D:8)
  5 killer bees
  3 howler monkeys
  5 jellies
  5 hounds
  2 orc priests
  3 gnoll boudas
  A sleepcap (D:8)
  3 iguanas (D:5)
  4 orc wizards
  Robin (D:4)
  21 gnolls
  9 adders
  2 shadow imps
  A white imp (D:5)
  4 ufetubi
  3 worms
  A dart slug (D:1)
  26 orcs
  7 ball pythons
  4 bats
  8 endoplasms
  5 giant cockroaches
  13 goblins
  9 hobgoblins
  7 jackals
  25 kobolds
  4 quokkas
  7 frilled lizards
  5 rats
  A butterfly (Lair:1)
493 creatures vanquished.

Vanquished Creatures (others)
  A hydra (D:8)
  A tengu conjurer (D:8)
  An orc (D:9)
3 creatures vanquished.

Grand Total: 496 creatures vanquished

Notes
Turn   | Place    | Note
-------+----------+-------------------------------------------
     0 | D:1      | halvedace the Minotaur Fighter began the quest for the Orb.
     0 | D:1      | Reached XP level 1. HP: 19/19 MP: 0/0
    79 | D:1      | Found Qidwugi's Antique Weapon Shop.
   278 | D:1      | Reached XP level 2. HP: 26/27 MP: 1/1
   409 | D:1      | Reached skill level 3 in Axes
   917 | D:2      | Reached XP level 3. HP: 29/33 MP: 2/2
   978 | D:2      | Entered explore mode.
   992 | D:2      | Reached XP level 4. HP: 5/40 MP: 3/3
  1299 | D:2      | Reached skill level 4 in Axes
  1797 | D:3      | Found a burning altar of Makhleb.
  1797 | D:3      | Found a white marble altar of Elyvilon.
  2627 | D:4      | Reached XP level 5. HP: 46/47 MP: 4/4
  2636 | D:4      | Found an opulent altar of Gozag.
  3012 | D:4      | Noticed Robin
  3021 | D:4      | Reached skill level 5 in Axes
  3027 | D:4      | Killed Robin
  3111 | D:4      | Found a staircase to the Ecumenical Temple.
  3164 | Temple   | Entered the Ecumenical Temple
  3281 | Temple   | Became a worshipper of Warmaster Okawaru
  3467 | D:4      | Reached XP level 6. HP: 55/55 MP: 5/5
  3515 | D:4      | Found a snail-covered altar of Cheibriados.
  3543 | D:4      | Found a sacrificial altar of Ru.
  3745 | D:5      | Entered Level 5 of the Dungeon
  3764 | D:5      | Reached skill level 5 in Fighting
  3764 | D:5      | Reached skill level 5 in Armour
  3764 | D:5      | Reached skill level 5 in Shields
  3942 | D:5      | Reached * piety under Okawaru
  3943 | D:5      | Reached skill level 6 in Axes
  4007 | D:5      | HP: 2/56 [iguana (5)]
  4040 | D:5      | Reached XP level 7. HP: 13/61 MP: 6/6
  4294 | D:5      | Found Liagodgho's Jewellery Shoppe.
  4357 | D:5      | Noticed Pikel
  4365 | D:5      | Killed Pikel
  4365 | D:5      | Reached ** piety under Okawaru
  4366 | D:5      | Reached skill level 7 in Axes
  4366 | D:5      | Reached XP level 8. HP: 50/70 MP: 7/7
  4369 | D:5      | Found Gosmeham's Fire Supplies.
  4586 | D:5      | Found an ancient bone altar of Kikubaaqudgha.
  4763 | D:5      | Found a stormy altar of Qazlal.
  5028 | D:6      | Reached *** piety under Okawaru
  5029 | D:6      | Reached skill level 8 in Axes
  5385 | D:6      | Found a radiant altar of Vehumet.
  5436 | D:6      | Found a glowing silver altar of Zin.
  5644 | D:7      | Noticed Menkaure
  5654 | D:7      | Killed Menkaure
  5655 | D:7      | Reached skill level 9 in Axes
  5727 | D:7      | Reached **** piety under Okawaru
  5732 | D:7      | Reached XP level 9. HP: 64/79 MP: 8/8
  5930 | D:7      | Reached skill level 10 in Axes
  5933 | D:7      | Reached ***** piety under Okawaru
  6116 | D:7      | Found a broken altar of Ashenzari.
  6322 | D:7      | Gained mutation: You are dopey. (Int -2) [potion of
                  | mutation]
  6322 | D:7      | Gained mutation: You are frail. (-10% HP) [potion of
                  | mutation]
  6322 | D:7      | Gained mutation: You are partially covered in iridescent
                  | scales. (AC +2) [potion of mutation]
  6323 | D:7      | Lost mutation: You are dopey. (Int -2) [potion of mutation]
  6323 | D:7      | Lost mutation: You are partially covered in iridescent
                  | scales. (AC +2) [potion of mutation]
  6323 | D:7      | Gained mutation: You have hidden genetic potential. [potion
                  | of mutation]
  6323 | D:7      | Gained mutation: You have a pair of large horns on your
                  | head. [potion of mutation]
  6323 | D:7      | Gained mutation: You are agile. (Dex +4, Str/Int -1)
                  | [potion of mutation]
  6325 | D:7      | Found a basalt altar of Yredelemnul.
  6871 | D:8      | Noticed Gastronok
  6883 | D:8      | Killed Gastronok
  6883 | D:8      | Identified the +1 chain mail of Teytanec {rN++ Regen+}
                  | (Okawaru gifted it to you on level 8 of the Dungeon)
  6883 | D:8      | Received a gift from Okawaru
  6884 | D:8      | Reached skill level 11 in Axes
  6884 | D:8      | Reached XP level 10. HP: 36/81 MP: 9/9
  7060 | D:8      | HP: 1/81 [yak (4)]
  7060 | D:8      | Slain by a yak (3 damage)
  7068 | D:8      | Gained mutation: You possess an exceptional clarity of
                  | mind. [hidden potential]
  7071 | D:8      | Reached skill level 12 in Axes
  7385 | D:8      | Received a gift from Okawaru
  7440 | D:8      | Noticed a skeletal warrior
  7440 | D:8      | Noticed a manticore
  7454 | D:8      | HP: 4/82 [skeletal warrior/+0 scimitar (17)]
  7455 | D:8      | Killed a skeletal warrior
  7456 | D:8      | Slain by a gnoll sergeant
                  | ... wielding a +0 spear
                  | (7 damage)
  7462 | D:8      | Reached skill level 13 in Axes
  7463 | D:8      | Succumbed to barbed spike wounds
  7468 | D:8      | Killed a manticore
  7468 | D:8      | Reached ****** piety under Okawaru
  7469 | D:8      | Reached XP level 11. HP: 16/89 MP: 10/10
  7473 | D:8      | HP: 1/89 [gnoll sergeant/+0 spear (5)]
  7475 | D:8      | Slain by a gnoll sergeant
                  | ... wielding a +0 spear
                  | (7 damage)
  7572 | D:8      | Noticed Joseph
  7583 | D:8      | Reached skill level 10 in Armour
  7587 | D:8      | HP: 4/89 [poisoned by a kobold brigand]
  7587 | D:8      | HP: 1/89 [Joseph/+0 quarterstaff (3)]
  7588 | D:8      | Succumbed to a kobold brigand's poison
  7589 | D:8      | Killed Joseph
  7590 | D:8      | Reached skill level 10 in Fighting
  7590 | D:8      | Reached skill level 10 in Shields
  7852 | D:8      | Received a gift from Okawaru
  7866 | D:8      | Found a staircase to the Lair.
  7869 | D:8      | Gained mutation: You are strong-willed. (Will+) [hidden
                  | potential]
  7869 | D:8      | Lost mutation: You have hidden genetic potential. [hidden
                  | potential expressed]
  8063 | D:8      | Noticed an eight-headed hydra
  8067 | D:8      | Noticed a deep elf pyromancer
  8069 | D:8      | HP: 3/90 [nine-headed hydra (9)]
  8069 | D:8      | Demolished by a shadow (23 damage)
  8079 | D:8      | Killed from afar by a tengu conjurer (32 damage)
                  | ... with a bolt of lightning
  8090 | D:8      | Killed an 11-headed hydra
  8109 | D:8      | HP: 4/90 [fire elemental[a deep elf pyromancer] (11)]
  8110 | D:8      | Slain by a fire elemental (5 damage)
                  | ... summoned by a deep elf pyromancer
  8119 | D:8      | Killed a deep elf pyromancer
  8510 | D:9      | Reached skill level 14 in Axes
  8536 | D:9      | Found a sparkling altar of Nemelex Xobeh.
  8627 | D:9      | Found an opulent altar of Gozag.
  8658 | D:9      | Noticed a soul eater
  9126 | Lair:1   | Entered Level 1 of the Lair of Beasts
  9146 | Lair:1   | Succumbed to a cane toad's poison
  9149 | Lair:1   | Identified the +2 tower shield of Absence {rElec Str+2}
                  | (Okawaru gifted it to you on level 1 of the Lair of Beasts)
  9149 | Lair:1   | Received a gift from Okawaru
  9153 | Lair:1   | Slain by a cane toad (13 damage)
  9362 | Lair:1   | Identified the +1 scale mail of Gallantry {Drain rElec
                  | rPois Str+6}
  9458 | Lair:1   | Reached XP level 12. HP: 87/99 MP: 11/11
  9522 | Lair:1   | You fall into a shaft and drop 1 floor!
  9566 | Lair:2   | Noticed a seven-headed hydra
  9572 | Lair:2   | Killed an 11-headed hydra
  9573 | Lair:2   | Reached skill level 15 in Axes
  9672 | Lair:2   | Noticed a death yak
  9672 | Lair:2   | Noticed a death yak
  9673 | Lair:2   | Noticed a death yak
  9674 | Lair:2   | Noticed a death yak
  9674 | Lair:2   | Noticed a death yak
  9691 | Lair:2   | Killed a death yak
  9692 | Lair:2   | Killed a death yak
  9692 | Lair:2   | Killed a death yak
  9692 | Lair:2   | Received a gift from Okawaru
  9694 | Lair:2   | Killed a death yak
  9697 | Lair:2   | Killed a death yak
  9999 | Lair:2   | Slain by a skyshark (24 damage)
 10002 | Lair:2   | Reached skill level 16 in Axes
 10492 | Lair:2   | Noticed a six-headed hydra
 10700 | Lair:2   | Found a staircase to the Swamp.
 10821 | Lair:1   | Identified the +4 hand axe "Odoud" {flame, +Blink rC+}
                  | (Okawaru gifted it to you on level 1 of the Lair of Beasts)
 10821 | Lair:1   | Received a gift from Okawaru
 10828 | Lair:1   | Reached XP level 13. HP: 67/107 MP: 12/12
 11862 | Lair:3   | HP: 5/107 [12-headed hydra (5)]
 11862 | Lair:3   | HP: 2/107 [12-headed hydra (3)]
 11863 | Lair:3   | Slain by a 12-headed hydra (3 damage)
 11886 | Lair:3   | Reached skill level 17 in Axes
 12049 | Lair:3   | Found a hole to the Spider Nest.
 12076 | Lair:3   | Noticed Nergalle
 12084 | Lair:3   | Killed Nergalle
 12602 | Lair:4   | Identified the +0 robe of the Sun {Will- Str+2 Stlth+}
                  | (Okawaru gifted it to you on level 4 of the Lair of Beasts)
 12602 | Lair:4   | Received a gift from Okawaru
 12812 | Lair:4   | Found the +5 scythe "Finisher" {speed, execute}
 12847 | Lair:4   | Reached skill level 1 in Polearms
 13654 | Lair:5   | Entered Level 5 of the Lair of Beasts
 13777 | Lair:5   | Found a viscous altar of Jiyva.
 13778 | Lair:5   | Found a staircase to the Slime Pits.
 13990 | Lair:5   | Found a runed translucent door.
 13990 | Lair:5   | Noticed a fire dragon
 14000 | Lair:5   | Killed a fire dragon
 14127 | Lair:5   | Identified the scarf of the End {shadows, Int+4 SInv}
                  | (Okawaru gifted it to you on level 5 of the Lair of Beasts)
 14127 | Lair:5   | Received a gift from Okawaru
 14739 | Lair:5   | Reached XP level 14. HP: 117/117 MP: 13/13
 15053 | Lair:5   | HP: 3/118 [death yak (11)]
 15053 | Lair:5   | Slain by a ten-headed hydra (3 damage)
 15070 | Lair:5   | HP: 2/118 [12-headed hydra (9)]
 15072 | Lair:5   | Slain by a 12-headed hydra (4 damage)
 15147 | Slime:1  | Entered Level 1 of the Pits of Slime
 15147 | Slime:1  | Noticed a rockslime
 15158 | Slime:1  | Killed a rockslime
 15184 | Slime:1  | Noticed a quicksilver ooze
 15190 | Slime:1  | Killed a quicksilver ooze
 15311 | Slime:1  | Noticed an azure jelly
 15327 | Slime:1  | Killed an azure jelly
 15529 | Slime:1  | Noticed an acid blob
 15543 | Slime:1  | Mangled by an acid blob (33 damage)
 15549 | Slime:1  | Killed an acid blob
 15579 | Slime:1  | Received a gift from Okawaru
 15836 | Slime:1  | Noticed a rockslime
 15849 | Slime:1  | Killed a rockslime
 16371 | Slime:2  | Noticed a rockslime
 16371 | Slime:2  | Noticed a quicksilver ooze
 16378 | Slime:2  | Killed a quicksilver ooze
 16388 | Slime:2  | Killed a rockslime
 16577 | Slime:2  | Noticed a quicksilver ooze
 16586 | Slime:2  | Killed a quicksilver ooze
 16716 | Slime:2  | You are sucked into a shaft and drop 1 floor!
 16756 | Slime:3  | Noticed a quicksilver ooze
 16762 | Slime:3  | Killed a quicksilver ooze
 16966 | Slime:3  | Gained mutation: Your magical capacity is low. (-10% MP) [a
                  | shining eye]
 16969 | Slime:3  | Gained mutation: You are very frail. (-20% HP) [a shining
                  | eye]
 16971 | Slime:3  | Gained mutation: You occasionally shout uncontrollably at
                  | your foes. [a shining eye]
 16972 | Slime:3  | Lost mutation: You possess an exceptional clarity of mind.
                  | [a shining eye]
 16980 | Slime:3  | Reached skill level 15 in Fighting
 16980 | Slime:3  | Reached skill level 15 in Shields
 17027 | Slime:3  | Noticed a rockslime
 17041 | Slime:3  | Killed a rockslime
 17042 | Slime:3  | Reached skill level 15 in Armour
 17060 | Slime:2  | HP: 5/108 [great orb of eyes (12)]
 17067 | Slime:2  | HP: 1/108 [great orb of eyes (7)]
 17080 | Slime:2  | Blown up by a great orb of eyes (41 damage)
                  | ... with a mindburst bolt
 17257 | Slime:2  | Noticed a quicksilver ooze
 17263 | Slime:2  | Killed a quicksilver ooze
 17263 | Slime:2  | Received a gift from Okawaru
 17339 | Slime:2  | Noticed a quicksilver ooze
 17351 | Slime:2  | HP: 3/108 [drowned by a quicksilver ooze (6)]
 17352 | Slime:2  | Drowned by a quicksilver ooze (6 damage)
 17358 | Slime:2  | Killed a quicksilver ooze
 17586 | Slime:2  | Noticed an acid blob
 17603 | Slime:2  | Demolished by an acid blob (38 damage)
 17607 | Slime:2  | Mangled by a titanic slime creature (22 damage)
 17612 | Slime:2  | Annihilated by a titanic slime creature (66 damage)
 17615 | Slime:2  | HP: 3/108 [acid blob/splash of acid (23)]
 17616 | Slime:2  | Splashed by an acid blob's acid (3 damage)
 17617 | Slime:2  | Mangled by a very large slime creature (43 damage)
 17620 | Slime:2  | HP: 3/108 [acid blob/splash of acid (20)]
 17621 | Slime:2  | Annihilated by a large slime creature (35 damage)
 17627 | Slime:2  | HP: 5/108 [slime creature (9)]
 17627 | Slime:2  | Killed from afar by an acid blob (14 damage)
                  | ... with a splash of acid
 17632 | Slime:2  | Mangled by a slime creature (18 damage)
 17641 | Slime:2  | HP: 2/108 [acid blob (11)]
 17641 | Slime:2  | Splashed by an acid blob's acid (10 damage)
 17646 | Slime:2  | Killed from afar by an acid blob (26 damage)
                  | ... with a splash of acid
 17649 | Slime:2  | Killed an acid blob
 17684 | Slime:2  | Noticed an azure jelly
 17691 | Slime:2  | Slain by an azure jelly (11 damage)
 17692 | Slime:2  | Slain by an azure jelly (44 damage)
 17694 | Slime:2  | HP: 5/108 [azure jelly (3)]
 17696 | Slime:2  | Annihilated by an azure jelly (35 damage)
 17704 | Slime:2  | Killed an azure jelly
 17990 | Slime:3  | Noticed a rockslime
 18001 | Slime:3  | Slain by a rockslime (30 damage)
 18004 | Slime:3  | Noticed an azure jelly
 18004 | Slime:3  | Slain by a rockslime (34 damage)
 18011 | Slime:3  | Mangled by a rockslime (18 damage)
 18014 | Slime:3  | HP: 5/108 [azure jelly (2)]
 18014 | Slime:3  | Slain by an azure jelly (9 damage)
 18016 | Slime:3  | Gained mutation: Potions are less effective at restoring
                  | your health. [a shining eye]
 18017 | Slime:3  | Mangled by an azure jelly (40 damage)
 18019 | Slime:3  | Slain by a rockslime (37 damage)
 18020 | Slime:3  | Gained mutation: You sometimes lose your temper in combat.
                  | [a shining eye]
 18026 | Slime:3  | Gained mutation: Your body sometimes deteriorates upon
                  | taking damage. [a shining eye]
 18028 | Slime:3  | Mangled by a rockslime (27 damage)
 18037 | Slime:3  | Demolished by an azure jelly (35 damage)
 18045 | Slime:3  | Gained mutation: You have an uncontrollable temper. [a
                  | shining eye]
 18046 | Slime:3  | Gained mutation: Your body often deteriorates upon taking
                  | damage. [a shining eye]
 18054 | Slime:3  | Noticed an acid blob
 18054 | Slime:3  | Mangled by a rockslime (18 damage)
 18057 | Slime:3  | Gained mutation: You do not regenerate when monsters are
                  | visible. [a shining eye]
 18060 | Slime:3  | Killed a rockslime
 18060 | Slime:3  | Identified the -1 pair of boots "Tot Gijuiste" {rF- Dex+5}
                  | (Okawaru gifted it to you on level 3 of the Pits of Slime)
 18060 | Slime:3  | Received a gift from Okawaru
 18060 | Slime:3  | HP: 5/108 [azure jelly (2)]
 18060 | Slime:3  | Demolished by an azure jelly (24 damage)
 18062 | Slime:3  | Killed an azure jelly
 18063 | Slime:3  | Reached XP level 15. HP: 96/114 MP: 12/12
 18064 | Slime:3  | Gained mutation: Potions cannot restore your health. [a
                  | shining eye]
 18069 | Slime:3  | Noticed an acid blob
 18071 | Slime:3  | HP: 1/114 [acid blob (9)]
 18071 | Slime:3  | Splashed by an acid blob's acid (9 damage)
 18075 | Slime:3  | Mangled by an acid blob (39 damage)
 18077 | Slime:3  | HP: 1/114 [acid blob (16)]
 18077 | Slime:3  | Splashed by an acid blob's acid (9 damage)
 18078 | Slime:3  | Gained mutation: You are occasionally teleported next to
                  | monsters. [a shining eye]
 18079 | Slime:3  | Killed from afar by an acid blob (33 damage)
                  | ... with a splash of acid
 18081 | Slime:3  | Annihilated by an acid blob (40 damage)
 18082 | Slime:3  | HP: 5/114 [acid blob/splash of acid (27)]
 18082 | Slime:3  | Killed from afar by an acid blob (24 damage)
                  | ... with a splash of acid
 18084 | Slime:3  | Killed from afar by an acid blob (34 damage)
                  | ... with a splash of acid
 18086 | Slime:3  | Killed from afar by an acid blob (22 damage)
                  | ... with a splash of acid
 18087 | Slime:3  | Lost intelligence.
 18087 | Slime:3  | Lost mutation: You are agile. (Dex +4, Str/Int -1) [a
                  | shining eye]
 18087 | Slime:3  | Annihilated by an acid blob (36 damage)
                  | ... while paralysed
 18089 | Slime:3  | Slain by an acid blob (30 damage)
                  | ... while paralysed
 18091 | Slime:3  | HP: 4/114 [acid blob (20)]
 18091 | Slime:3  | Splashed by an acid blob's acid (8 damage)
 18091 | Slime:3  | Lost dexterity.
 18092 | Slime:3  | Slain by an acid blob (23 damage)
                  | ... while paralysed
 18094 | Slime:3  | Demolished by an acid blob (41 damage)
 18096 | Slime:3  | Killed from afar by an acid blob (35 damage)
                  | ... with a splash of acid
 18097 | Slime:3  | Annihilated by an acid blob (40 damage)
 18099 | Slime:3  | Killed from afar by an acid blob (25 damage)
                  | ... with a splash of acid
 18100 | Slime:3  | Demolished by an acid blob (42 damage)
 18102 | Slime:3  | HP: 1/114 [acid blob (10)]
 18102 | Slime:3  | Splashed by an acid blob's acid (7 damage)
 18103 | Slime:3  | Mangled by an acid blob (38 damage)
 18104 | Slime:3  | Killed from afar by an acid blob (20 damage)
                  | ... with a splash of acid
 18105 | Slime:3  | Annihilated by an acid blob (24 damage)
 18107 | Slime:3  | Killed from afar by an acid blob (20 damage)
                  | ... with a splash of acid
 18109 | Slime:3  | HP: 3/114 [acid blob (14)]
 18109 | Slime:3  | Splashed by an acid blob's acid (6 damage)
 18112 | Slime:3  | Mangled by an acid blob (11 damage)
 18113 | Slime:3  | Slain by an acid blob (8 damage)
 18114 | Slime:3  | Mangled by an acid blob (39 damage)
 18115 | Slime:3  | Mangled by an acid blob (28 damage)
 18116 | Slime:3  | HP: 5/114 [acid blob (33)]
 18116 | Slime:3  | Splashed by an acid blob's acid (9 damage)
 18118 | Slime:3  | Demolished by an acid blob (27 damage)
 18119 | Slime:3  | Mangled by an acid blob (34 damage)
 18121 | Slime:3  | Annihilated by an acid blob (42 damage)
 18123 | Slime:3  | Splashed by an acid blob's acid (8 damage)
 18125 | Slime:3  | Killed from afar by an acid blob (19 damage)
                  | ... with a splash of acid
 18126 | Slime:3  | Killed from afar by an acid blob (30 damage)
                  | ... with a splash of acid
 18127 | Slime:3  | Slain by an acid blob (39 damage)
 18128 | Slime:3  | Slain by an acid blob (34 damage)
 18130 | Slime:3  | HP: 1/114 [acid (5)]
 18131 | Slime:3  | Killed from afar by an acid blob (26 damage)
                  | ... with a splash of acid
 18132 | Slime:3  | Slain by an acid blob (21 damage)
 18134 | Slime:3  | Demolished by an acid blob (31 damage)
 18135 | Slime:3  | Slain by an acid blob (11 damage)
 18137 | Slime:3  | Mangled by an acid blob (23 damage)
 18138 | Slime:3  | Demolished by an acid blob (31 damage)
 18139 | Slime:3  | Mangled by an acid blob (18 damage)
 18142 | Slime:3  | Demolished by an acid blob (30 damage)
 18144 | Slime:3  | Demolished by an acid blob (39 damage)
 18146 | Slime:3  | Slain by a slime creature (21 damage)
 18148 | Slime:3  | Slain by an acid blob (26 damage)
 18150 | Slime:3  | Killed from afar by an acid blob (22 damage)
                  | ... with a splash of acid
 18151 | Slime:3  | Slain by a slime creature (11 damage)
 18152 | Slime:3  | Demolished by an enormous slime creature (25 damage)
 18153 | Slime:3  | HP: 1/171 [acid blob (24)]
 18153 | Slime:3  | Splashed by an acid blob's acid (6 damage)
 18154 | Slime:3  | Demolished by an acid blob (27 damage)
 18155 | Slime:3  | Annihilated by a titanic slime creature (60 damage)
 18156 | Slime:3  | Mangled by an acid blob (27 damage)
 18157 | Slime:3  | Annihilated by a titanic slime creature (96 damage)
 18158 | Slime:3  | HP: 3/171 [acid blob/splash of acid (9)]
 18158 | Slime:3  | Slain by a slime creature (7 damage)
 18159 | Slime:3  | Killed from afar by an acid blob (12 damage)
                  | ... with a splash of acid
 18160 | Slime:3  | Demolished by an acid blob (36 damage)
 18161 | Slime:3  | Mangled by an acid blob (30 damage)
 18162 | Slime:3  | Demolished by a titanic slime creature (103 damage)
 18164 | Slime:3  | Annihilated by a titanic slime creature (95 damage)
 18165 | Slime:3  | Demolished by a titanic slime creature (75 damage)
 18165 | Slime:3  | Mangled by an acid blob (28 damage)
 18166 | Slime:3  | Annihilated by a titanic slime creature (88 damage)
 18166 | Slime:3  | Demolished by a titanic slime creature (57 damage)
 18167 | Slime:3  | Annihilated by a titanic slime creature (92 damage)
 18168 | Slime:3  | Demolished by a titanic slime creature (37 damage)
 18169 | Slime:3  | Mangled by an acid blob

Illustrated notes

Levels and vault maps discovered:
D:1:      dpeg_arrival_simpleton_b, layout_loops_ring, serial_shops,
          nicolae_shop_just_a_little_nook
D:2:      layout_rooms
D:3:      layout_basic, gammafunk_temple_overflow_wave
D:4:      layout_basic, mainiacjoe_overflow_two_lobes,
          minmay_temple_entry_butterflies, serial_glass, glass_columns_b,
          glass_columns_b, minmay_ruined_shrine, uniq_robin
D:5:      layout_loops_ring, mainiacjoe_overflow_alcove_4, lemuel_crystal_altar,
          serial_shops, nicolae_square_shop, minmay_misc_feat_four_crosses,
          minmay_crystal_water, nicolae_shop_fire_sale [nicolae_sub_dead_trees],
          uniq_pikel
D:6:      layout_basic, mainiacjoe_overflow_alcove_2, lemuel_round_altar,
          corexii_shack
D:7:      layout_basic, nicolae_overflow_hidden_temple, amcnicky_altar_gilded,
          minmay_unpleasant_kobolds, uniq_menkaure
D:8:      minmay_quarter_circles, layout_loops_ring, erik_lair_dragon,
          grunt_ministairs_2, kennysheep_generic_room_7, uniq_gastronok,
          uniq_joseph
D:9:      layout_roguey, nicolae_gozag_seed_capital,
          mainiacjoe_overflow_cross_hatched
Temple:   hellmonk_temple_beads
Lair:1:   layout_cave_pods, chequers_serial_rivers_large_b, lemuel_fruit_fields
Lair:2:   layout_chaotic_city, palyth_hydra_swamp_entry
Lair:3:   layout_regular_city, spider_nest_entry_web_field, grunt_megastairs_2,
          uniq_nergalle
Lair:4:   layout_cellular_growth, lightli_volcano_entry_magma_tube,
          cheibrodos_lair_caveside_slide, beast_lair_carwin_2
Lair:5:   wormcave, layout_cave_pods, hangedman_lair_in_review,
          nicolae_slime_entry_slimehenge
Slime:1:  layout_caves
Slime:2:  layout_caves, nicolae_slime_crime_time
Slime:3:  layout_caves, cheibrodos_slime_lost_civilization_7

Skill      XL: |  1  2  3  4  5  6  7  8  9 10 11 12 13 14 |
---------------+-------------------------------------------+-----
Axes           | 3 4 5 6 7 9 11 13 14 16 17 | 17.8
Fighting       | 4 5 6 7 8 9 11 12 13 15 | 15.7
Armour         | 4 5 6 7 8 9 11 12 13 15 | 15.7
Shields        | 4 5 6 7 8 9 11 12 13 15 | 15.7
Polearms       | 3 |  3.1

Action                     |  1- 3 |  4- 6 |  7- 9 | 10-12 | 13-15 || total
---------------------------+-------+-------+-------+-------+-------++-------
  Melee: War axe           |    54 |   130 |   201 |    83 |       ||   468
         Headbutt          |     9 |    18 |    33 |    88 |   161 ||   309
         Broad axe         |       |       |       |   333 |   613 ||   946
  Throw: Boomerang         |       |       |       |    15 |     1 ||    16
         Throwing net      |       |       |       |       |     2 ||     2
  Evoke: Phial of floods   |       |       |       |     1 |     1 ||     2
         Wand              |       |       |       |       |    21 ||    21
    Use: Scroll            |     4 |     8 |     7 |     4 |     3 ||    26
         Potion            |       |       |     2 |     3 |     6 ||    11
   Stab: Invisible         |       |       |       |       |     4 ||     4
 Armour: Scale mail        |    39 |    21 |       |       |       ||    60
         Chain mail        |       |    34 |    51 |       |       ||    85
         Plate armour      |       |       |    58 |   242 |   464 ||   764
  Dodge: Dodged            |    32 |    69 |    60 |   107 |   190 ||   458
  Block: Buckler           |    14 |    29 |    16 |       |       ||    59
         Kite shield       |       |       |    59 |   187 |       ||   246
         Tower shield      |       |       |       |   183 |   661 ||   844

Table legend: (Time is in decaauts)
 A = Elapsed time spent in this place.
 B = Non-inter-level travel time spent in this place.
 C = Inter-level travel time spent in this place.
 D = Time resting spent in this place.
 E = Time spent auto-exploring this place.
 F = Levels seen in this place.
 G = Mean time per level.
                   A        B        C        D        E       F      G
               +--------+--------+--------+--------+--------+-----+--------+
         Total |  18254 |  17562 |    692 |   1310 |  12465 |  18 | 1014.1 |
       Dungeon |   9101 |   8710 |    391 |    378 |   6635 |   9 | 1011.2 |
        Temple |    148 |     96 |     52 |      0 |     86 |   1 |  148.0 |
          Lair |   6000 |   5766 |    234 |      0 |   4559 |   5 | 1200.0 |
    Slime Pits |   3004 |   2990 |     14 |    932 |   1185 |   3 | 1001.3 |
               +--------+--------+--------+--------+--------+-----+--------+

Top non-repeatable levels by time:
     D:8: 1731 daAuts
  Lair:5: 1478 daAuts
  Lair:1: 1369 daAuts
  Lair:2: 1257 daAuts
 Slime:2: 1225 daAuts
 Slime:1: 1213 daAuts
     D:5: 1185 daAuts
  Lair:4: 1145 daAuts
     D:3: 1049 daAuts
     D:7: 1021 daAuts
     D:4: 1020 daAuts
     D:1: 906 daAuts
     D:9: 781 daAuts
  Lair:3: 749 daAuts
     D:6: 734 daAuts
